Workbook

Sheet BBGG
B2: CADIEM CASA DE BOLSA S.A.
B3: BALANCE GENERAL
B4: Correspondiente al 30/06/2026, presentado en forma comparativa con el ejercicio cerrado al 31/12/2025
B5: EN GUARANIES
B7: ACTIVO | C7: Nota | D7: 46203 | E7: 46022 | F7: PASIVO | G7: Nota | H7: =+D7 -> 46203 | I7: =+E7 -> 46022
B8: Activo Corriente | F8: Pasivo Corriente
B9: Disponibilidades | D9: =SUM(D10:D12) -> 15843849816 | E9: =SUM(E10:E12) -> 32649539866 | F9: Documentos y Cuentas por Pagar | H9: =SUM(H10:H12) -> 49640847065 | I9: =SUM(I10:I12) -> 13415331129
B10: Caja | D10: 4500000 | E10: 4500000 | F10: Acreedores por Intermediación | G10: 5.K | H10: 39898599010 | I10: 11661403051
B11: Bancos Cuenta Propia | C11: 5.D | D11: 3799018502 | E11: 19449489613 | F11: Acreedores Varios | G11: 5.J | H11: 1161320104 | I11: 770875017
B12: Bancos Cuenta Compensadora | C12: 5.D | D12: 12040331314 | E12: 13195550253 | F12: Cuenta a Pagar a Personas y Empresas Relacionadas | G12: ANEXO V | H12: 8580927951 | I12: 983053061
B13: Inversiones Temporarias | C13: ANEXO I | D13: =SUM(D14:D18) -> 276445739393 | E13: =SUM(E14:E18) -> 370469037228
B14: Títulos de Renta Fija | D14: 140789798407 | E14: 155651207749 | F14: Préstamos Financieros | H14: =SUM(H15:H17) -> 219479626739 | I14: =SUM(I15:I17) -> 365294768262
B15: Títulos de Renta Fija en Reporto | D15: 133037234942 | E15: 211494799817 | F15: Préstamos en Bancos | G15: 5.H | H15: 15223832174 | I15: 144740043294
B16: Títulos de Renta Variable | D16: 2618706044 | E16: 3323029662 | F16: Sobregiro en Cuenta Corriente | G16: 5.H | H16: 79531100030 | I16: 8099823195
F17: Operaciones en Reporto | G17: 5.I | H17: 124724694535 | I17: 212454901773
F18: Provisiones | H18: =SUM(H19:H22) -> 310073517 | I18: =SUM(I19:I22) -> 954076830
B19: Créditos | D19: =SUM(D20:D22) -> 2121111121 | E19: =SUM(E20:E22) -> 3417491807 | F19: Impuesto a la Renta a Pagar | H19: 26135153 | I19: 572018987
B20: Deudores por Intermediación | C20: 5.E | D20: 713332332 | E20: 1815865019 | F20: IVA a Pagar | H20: 12116898 | I20: 150351095
B21: Deudores Varios | C21: 5.E | D21: 28612314 | E21: 19237120 | F21: Retenciones de Impuestos | H21: 271821466 | I21: 12244184
B22: Cuentas por Cobrar a Personas y Empresas Relacionadas | C22: ANEXO V | D22: 1379166475 | E22: 1582389668 | F22: Aporte y Retenciones a Pagar | I22: 219462564
F23: Otros Pasivos | H23: =SUM(H24:H25) -> 2326312812 | I23: =SUM(I24:I25) -> 1946075877
B24: Otros Activos | D24: =SUM(D25) -> 928801239 | E24: =SUM(E25) -> 633600248 | F24: Otros Pasivos Corrientes | G24: 5.M | H24: 2326312812 | I24: 1946075877
B25: Otros Activos Corrientes | C25: 5.G | D25: 928801239 | E25: 633600248
B26: TOTAL ACTIVO CORRIENTE | D26: =+D9+D13+D19+D24 -> 295339501569 | E26: =+E9+E13+E19+E24 -> 407169669149
F27: TOTAL PASIVO CORRIENTE | H27: =+H9+H14+H18+H23 -> 271756860133 | I27: =+I9+I14+I18+I23 -> 381610252098
B28: ACTIVO NO CORRIENTE
F29: TOTAL PASIVO | H29: =+H27 -> 271756860133 | I29: =+I27 -> 381610252098
B30: Inversiones Permanentes | C30: ANEXO I | D30: =SUM(D31:D33) -> 40108064049 | E30: =SUM(E31:E33) -> 37600212186
B31: Títulos Renta Variable | D31: 34499231472 | E31: 31991379609 | F31: PATRIMONIO NETO
B32: Acción de la Bolsa de Valores | D32: 1560000000 | E32: 1560000000 | F32: Capital | G32: VPN | H32: 54000000000 | I32: 49000000000
B33: Inmuebles | D33: 4048832577 | E33: 4048832577 | F33: Valuación Acción BVA | G33: VPN | H33: 1545500000 | I33: 1545500000
B34: Bienes de Uso | C34: ANEXO II | D34: =SUM(D35:D36) -> 1541783045 | E34: =SUM(E35:E36) -> 1532231443 | F34: Reserva Legal | G34: VPN | H34: 4640293894 | I34: 3903448763
B35: Bienes de Uso - Costo Revaluado | D35: 4703165281 | E35: 4466212395 | F35: Reserva de Revalúo | G35: VPN | H35: 227468427 | I35: 227468427
B36: (Depreciación Acumulada) | D36: -3161382236 | E36: -2933980952 | F36: Resultado Acumulado | G36: VPN | H36: 0 | I36: 0
B37: Activos Intangibles y Cargos Diferidos | C37: ANEXO III | D37: =SUM(D38:D39) -> 4842008279 | E37: =SUM(E38:E39) -> 3898372030 | F37: Resultado del Ejercicio | G37: VPN | H37: 10618394048 | I37: 14736902627
B38: Licencia | D38: 5114296297 | E38: 4152155790
B39: (Amortización Acumulada) | D39: -272288018 | E39: -253783760
B40: Otros Activos No Corrientes | C40: 5.G | D40: =SUM(D41) -> 957159560 | E40: =SUM(E41) -> 823087107
B41: Gastos no Devengados | D41: 957159560 | E41: 823087107 | F41: Total Patrimonio Neto | H41: =SUM(H32:H40) -> 71031656369 | I41: =SUM(I32:I40) -> 69413319817
B43: TOTAL ACTIVO NO CORRIENTE | D43: =+D30+D34+D37+D40 -> 47449014933 | E43: =+E30+E34+E37+E40 -> 43853902766
B45: TOTAL ACTIVO | D45: =+D43+D26 -> 342788516502 | E45: =+E43+E26 -> 451023571915 | F45: TOTAL PASIVO Y PATRIMONIO NETO | H45: =+H29+H41 -> 342788516502 | I45: =+I29+I41 -> 451023571915
B48: CUENTA DE ORDEN | C48: Nota | D48: =+D7 -> 46203 | E48: =+E7 -> 46022 | F48: Cuenta de Orden | G48: Nota | H48: =+D48 -> 46203 | I48: =+E48 -> 46022
B49: Deudores Crédito Gs. | C49: 12 | D49: 6.9614936e+12 | E49: 6.9614936e+12 | F49: Acreedor Gs. | G49: 12 | H49: =+D49 -> 6.9614936e+12 | I49: =+E49 -> 6.9614936e+12
B53: Las 12 notas - Anexo I - Anexo II - Anexo III - Anexo de Capital que acompañan forman parte integral de los estados financieros y Anexo V

Sheet EERR
B2: CADIEM CASA DE BOLSA S.A.
B3: ESTADO DE RESULTADO
B4: Correspondiente al 30/06/2026, presentado en forma comparativa con el ejercicio cerrado al 30/06/2025
B5: EN GUARANIES
B7: CONCEPTO | C7: Nota | D7: 46203 | E7: 45838
B9: INGRESOS OPERATIVOS
B10: Comisiones por Operación en Rueda | D10: =SUM(D11:D12) -> 3140919643 | E10: =SUM(E11:E12) -> 3778033151
B11: Por Intermediación Acción en Rueda | D11: 3677811 | E11: 47019795
B12: Por Intermediación Renta Fija en Rueda | D12: 3137241832 | E12: 3731013356
B13: Comisión por Operaciones Fuera de Rueda | D13: =SUM(D14:D15) -> 922526195 | E13: =SUM(E14:E15) -> 0
B14: Por Intermediación Acción Fuera de Rueda | D14: 0 | E14: 0
B15: Por Intermediación Renta Fija Fuera de Rueda | D15: 922526195 | E15: 0
B17: Ingresos por Asesoría Financiera | D17: 1379540949 | E17: 1225310109
B18: Ingresos por Intereses y Dividendos de Cartera Propia | D18: 9402590223 | E18: 5251510306
B19: Ingresos por Venta de Cartera Propia | D19: 8772623559 | E19: =122771694150-119295501962 -> 3476192188
B20: Ingresos por Operaciones y Servicios a Personas Relacionadas | C20: ANEXO V | D20: 14142126160 | E20: 13147718685
B21: Otros Ingresos Operativos | C21: 5.Q | D21: 1447464690 | E21: 2420960262
B23: GASTOS OPERATIVOS | D23: =SUM(D24:D26) -> 3602982048 | E23: =SUM(E24:E26) -> 2644897831
B24: Gastos por Comisiones y Servicios | D24: 2793809950 | E24: 1399027535
B25: Aranceles por Negociación Bolsa de Valores | D25: 569972213 | E25: 884256576
B26: Otros Gastos Operativos | C26: 5.R | D26: 239199885 | E26: 361613720
B28: RESULTADO OPERATIVO BRUTO | D28: =+D10+SUM(D16:D21)-D23+D13 -> 35604809371 | E28: =+E10+SUM(E16:E21)-E23 -> 26654826870
B30: GASTOS DE COMERCIALIZACIÓN | D30: =SUM(D31:D33) -> 936017474 | E30: =SUM(E31:E33) -> 1367634878
B31: Publicidad | D31: 480891955 | E31: 519521729
B32: Folletos e Impresiones | D32: 104086939 | E32: 88666834
B33: Otros Gastos de Comercialización | C33: 5.R | D33: 351038580 | E33: 759446315
B34: GASTOS DE ADMINISTRACIÓN | D34: =SUM(D35:D42) -> 15136667113 | E34: =SUM(E35:E42) -> 10061462909
B35: Servicios Personales | D35: 11342723184 | E35: 6676058455
B36: Previsión, Amortización y Depreciaciones | D36: 245905542 | E36: 243212724
B37: Mantenimiento | D37: 39853500 | E37: 21145514
B38: Alquileres | D38: 578320601 | E38: 679223620
B39: Gastos Generales | D39: 132368916 | E39: 144410238
B40: Seguros | D40: 3772727 | E40: 3772727
B41: Impuestos, Tasas y Contribuciones | D41: 201988670 | E41: 57770508
B42: Otros Gastos de Administración | C42: 5.R | D42: 2591733973 | E42: 2235869123
B44: RESULTADO OPERATIVO NETO | D44: =+D28-D30-D34 -> 19532124784 | E44: =+E28-E30-E34 -> 15225729083
B46: OTROS INGRESOS Y EGRESOS | C46: 5.S | D46: =+D47-D48 -> 10875756 | E46: =+E47-E48 -> 104647989
B47: Otros Ingresos | D47: 10875756 | E47: 104647989
B48: Otros Egresos | E48: 0
B50: RESULTADOS FINANCIEROS | D50: =+D51-D54 -> -8924606492 | E50: =+E51-E54 -> -4137027202
B51: Generados por Activos | D51: =SUM(D52:D53) -> 31833556290 | E51: =SUM(E52:E53) -> 6033942246
B52: Intereses Cobrados | D52: 318507995 | E52: 0
B53: Diferencia de Cambio | D53: 31515048295 | E53: 6033942246
B54: Generados por Pasivos | D54: =SUM(D55:D56) -> 40758162782 | E54: =SUM(E55:E56) -> 10170969448
B55: Intereses Pagados | D55: 9264156462 | E55: 5043475196
B56: Diferencia de Cambio | D56: 31494006320 | E56: 5127494252
B57: AJUSTE DE RESULTADO DE EJERCICIOS ANTERIORES | D57: =+D58-D59 -> 0 | E57: =+E58-E59 -> -18083664
B58: Ingresos | D58: 0
B59: Egresos | D59: 0 | E59: 18083664
B61: UTILIDAD O (PERDIDA) | D61: =+D44+D46+D50 -> 10618394048 | E61: =+E44+E46+E50+E57 -> 11175266206
B62: IMPUESTO A LA RENTA | D62: 0 | E62: 0
B63: RESULTADO DEL EJERCICIO | D63: =+D61-D62 -> 10618394048 | E63: =+E61-E62 -> 11175266206
B65: Las 12 notas - Anexo I - Anexo II - Anexo III - Anexo de Capital que acompañan forman parte integral de los estados financieros y Anexo V

Sheet FFFF
B2: CADIEM CASA DE BOLSA S.A.
B3: ESTADO DE FLUJO DE EFECTIVO
B4: =+EERR!B4 -> Correspondiente al 30/06/2026, presentado en forma comparativa con el ejercicio cerrado al 30/06/2025
E6: =+EERR!D7 -> 46203 | F6: =+EERR!E7 -> 45838
B7: 1. | C7: FLUJO DE EFECTIVO POR LAS ACTIVIDADES OPERATIVAS
C8: Ingresos en Efectivo por comisiones y otros | E8: 20501657363 | F8: 144346666972
C9: Efectivo pagado a empleados | E9: -7596724944 | F9: -5650098359
C10: Total de Efectivo de las Actividades operativas antes de cambios en los activos de operación | E10: =SUM(E8:E9) -> 12904932419 | F10: =SUM(F8:F9) -> 138696568613
C11: Aumento (Disminución) en pasivos operativos | E11: =SUM(E12) -> -12133901474 | F11: =SUM(F12) -> -128087537030
C12: Pagos a Proveedores | E12: -12133901474 | F12: -128087537030
C13: Efectivo neto de Actividades de Operación antes de impuestos | E13: =+E10+E11 -> 771030945 | F13: =+F10+F11 -> 10609031583
C14: Impuesto a la renta | E14: -844938963 | F14: -362622326
C15: Efectivo Neto provisto de Actividades de Operación | E15: =+E13+E14 -> -73908018 | F15: =+F13+F14 -> 10246409257
B17: 2. | C17: FLUJO DE EFECTIVO EN ACTIVIDADES DE INVERSIÓN
C18: Inversiones en Otras Empresas | E18: 15246965 | F18: 3290876595
C19: Inversiones Temporarias | E19: 106318079033 | F19: 1750565076
C20: Fondo con destino especial | E20: -142429000 | F20: 2807000
C21: Compra de Propiedad, planta y equipo | E21: -236952886 | F21: -200600325
C22: Intereses percibidos | E22: 5514324564 | F22: 0
C23: Efectivo Neto en Actividades de Inversión | E23: =SUM(E18:E22) -> 111468268676 | F23: =SUM(F18:F22) -> 4843648346
B25: 3. | C25: FLUJO DE EFECTIVO POR ACTIVIDADES DE FINANCIACIAMIENTO
C26: Aportes de Capital | E26: 0 | F26: 0
C27: Proveniente de préstamos y otras deudas | E27: -109992030462 | F27: -9535974370
C28: Dividendos Pagados | E28: -9000057496 | F28: -5311916014
C29: Intereses Pagados | E29: -9229004725 | F29: -5022694564
C30: Efecto de las variaciones en tipo de cambio | E30: 21041975 | F30: 382747994
C31: Efectivo Neto en Actividades de Financiamiento | E31: =SUM(E26:E30) -> -128200050708 | F31: =SUM(F26:F30) -> -19487836954
C33: Aumento (o disminución) neto de efectivo y sus equivalentes | E33: =+E23+E31+E15 -> -16805690050 | F33: =+F23+F31+F15 -> -4397779351
C34: Efectivo y equivalentes al efectivo al comienzo del período | E34: 32649539866 | F34: 9739157830
C35: Efectivo y equivalentes al efectivo al cierre del período | E35: =+E33+E34 -> 15843849816 | F35: =+F33+F34 -> 5341378479
C37: Las 12 notas - Anexo I - Anexo II - Anexo III - Anexo de Capital que acompañan forman parte integral de los estados financieros y Anexo V

Sheet PN
A1: Índice
B2: CADIEM CASA DE BOLSA S.A.
B3: ESTADO DE VARIACIÓN DEL PATRIMONIO NETO
B4: =+FFFF!B4 -> Correspondiente al 30/06/2026, presentado en forma comparativa con el ejercicio cerrado al 30/06/2025
B5: EN GUARANIES
B7: Movimientos | C7: CAPITAL | G7: RESERVAS | J7: RESULTADOS | L7: PATRIMONIO NETO
C8: Suscripto | D8: A Integrar | E8: Integrado | F8: Valuación Acción BVA | G8: Legal | H8: Facultativa | I8: Revalúo | J8: Acumulados | K8: Del Ejercicio | L8: =+FFFF!E6 -> 46203 | M8: =+FFFF!F6 -> 45838
B9: Saldo al Inicio | C9: 40000000000 | D9: 0 | E9: 49000000000 | F9: 1545500000 | G9: 3903448763 | H9: 0 | I9: 227468427 | J9: 0 | K9: 14736902627 | L9: =SUM(D9:K9) -> 69413319817 | M9: 59431333204
B10: Movimientos Subsecuentes | C10: 0 | D10: 0 | E10: 0 | F10: 0 | G10: 0 | H10: 0 | I10: 0 | J10: =+K9 -> 14736902627 | K10: =-K9 -> -14736902627 | L10: 0 | M10: 0
B11: Capitalización de Utilidades | C11: 0 | D11: 0 | E11: 5000000000 | F11: 0 | G11: 0 | H11: 0 | I11: 0 | J11: -5000000000 | K11: 0 | L11: =SUM(C11:K11) -> 0 | M11: 0
B12: Integración de Acciones | C12: 0 | D12: 0 | E12: 0 | F12: 0 | G12: 0 | H12: 0 | I12: 0 | J12: 0 | K12: 0 | L12: =SUM(C12:K12) -> 0 | M12: 4000000000
B13: Dividendos a Pagar | C13: 0 | D13: 0 | E13: 0 | F13: 0 | G13: 0 | H13: 0 | I13: 0 | J13: -9000057496 | K13: 0 | L13: =SUM(C13:K13) -> -9000057496 | M13: -9311916014
B14: Reserva Legal | C14: 0 | D14: 0 | E14: 0 | F14: 0 | G14: 736845131 | H14: 0 | I14: 0 | J14: -736845131 | K14: 0 | L14: =SUM(C14:K14) -> 0 | M14: 0
B15: Valuación Acc BVA | C15: 0 | D15: 0 | E15: 0 | F15: 0 | G15: 0 | H15: 0 | I15: 0 | J15: 0 | K15: 0 | L15: =SUM(C15:K15) -> 0 | M15: 442000000
B16: Resultado del Ejercicio | C16: 0 | D16: 0 | E16: 0 | F16: 0 | G16: 0 | H16: 0 | I16: 0 | J16: 0 | K16: =+EERR!D63 -> 10618394048 | L16: =SUM(C16:K16) -> 10618394048 | M16: 11175266206
B17: =+L8 -> 46203 | C17: =SUM(C9:C16) -> 40000000000 | D17: =SUM(D9:D16) -> 0 | E17: =SUM(E9:E16) -> 54000000000 | F17: =SUM(F9:F16) -> 1545500000 | G17: =SUM(G9:G16) -> 4640293894 | H17: =SUM(H9:H16) -> 0 | I17: =SUM(I9:I16) -> 227468427 | J17: =SUM(J9:J16) -> 0 | ... L17: =SUM(L9:L16) -> 71031656369 | M17: 0
B18: =+M8 -> 45838 | C18: 40000000000 | D18: 0 | E18: 40000000000 | F18: 988500000 | G18: 3150190025 | H18: 0 | I18: 227468427 | J18: 15065174752 | K18: 4941199735 | M18: =SUM(M9:M16) -> 65736683396
B20: Las 12 notas - Anexo I - Anexo II - Anexo III - Anexo de Capital que acompañan forman parte integral de los estados financieros y Anexo V

Sheet NOTAS
B2: INFORMACIÓN GENERAL DE LA ENTIDAD
B3: Información al 30/06/2026
B4: 1. IDENTIFICACIÓN
B6: Razón Social: | E6: Cadiem Casa de Bolsa S.A.
B7: Registro CNV: | E7: N° 017 según Res. N° 754/04
B8: Código Bolsa: | E8: N° 017 según Res N° 524/04
B9: Dirección Oficina Principal: | E9: Quesada N° 4926 Edif. Atlas Center Piso 6i
B10: Teléfono: | E10: (021) 610-720
B11: E-mail: | E11: cadiem@cadiem.com.py
B12: Sitio Página Web: | E12: www.cadiem.com.py
B13: Domicilio Legal: | E13: Quesada N° 4926 Edif. Atlas Center Piso 6i
B15: 2. ANTECEDENTES DE CONSTITUCIÓN DE LA SOCIEDAD
B17: Escritura N°: 334 Fecha: 12/11/2003 Inscripción en Registro Público: N° 03, Serie C, Folio 28 y sgtes. Sección Contratos Fecha: 07/01/2004; Escritura N°: 001 Fecha: 02/01/2007 Inscripción en Registro Público: N° 291, Serie E, Folio 2581 y sgtes. Sección Contratos Fecha: 17/04/2007; Escritura N°: 878 Fecha: 24/10/211 Inscripción en Registro Público: N° 28, Serie F, Folio 220 y sgtes. Fecha: 06/04/2012; Escritura N°: 1486 Fecha: 28/11/2014 Inscripción en Registro Público: N° 164. Serie I, Folio 2153 Fecha: 16/02/2015; Escritura N°: 455 Fecha: 02/06/2017 Inscripción en Registro Público: N° 1. Serie Comercial, Folio 1/15 Fecha: 17/08/2017, reingreso 19/09/2017.
B23: 3. Administración
B25: CARGO | E25: NOMBRE Y APELLIDO
B26: Representantes Legales
B27: Presidente | E27: Elías Miguel Gelay
B28: Vice-presidente | E28: César Paredes Franco
B29: Director | E29: Gloria Ayala Person
B30: Sindico | E30: Juana Pabla Galeano
B31: Plana Ejecutiva
B32: Directora de Negocios | E32: Natalia Raquel Trinidad
B33: Directora Financiera | E33: Fátima Flecha
B34: Director de Tecnologia | E34: Nicolás González Oddone
B35: Director of Global Markets | E35: Carlos de los Ríos
B36: Auditoría Interna | E36: Amambay Cardozo
B37: Contador | E37: Jorge Ramón Ugarte
B38: Oficial de Cumplimiento | E38: Raúl Sánchez
B41: 4. CAPITAL Y PROPIEDAD
B43: El capital social se fija en Gs. 60.000.000.000 según Acta de Asamblea N° 34 de fecha 25/03/2022, distribuido en 60.000 acciones nominativas con Valor Nominal Gs. 1.000.000, de Clase Ordinaria Voto Múltiple (OVM) Ordinaria Simple (OS) y Preferidas.
B45: Capital Emitido | E45: Gs. 60.000.000.000
B46: Capital Suscripto | E46: Gs. 55.430.000.000
B47: Capital Integrado | E47: Gs.54.0000.000.000
B48: Valor Nominal de las Acciones | E48: Gs. 1.000.000
B50: Cuadro de Capital Integrado
B51: N° | C51: Accionista | D51: Cantidad de Acciones | E51: Clase | F51: Voto | G51: Monto | H51: % de participación en capital integrado
B52: 1 | C52: Nominativa | D52: 22570 | E52: OVM | F52: 112850 | G52: 22570000000 | H52: 0.41796296
B53: 2 | C53: Nominativa | D53: 21430 | E53: OS | F53: 21430 | G53: 21430000000 | H53: 0.39685185
B54: 3 | C54: Nominativa | D54: 2000 | E54: Preferida A | F54: 0 | G54: 2000000000 | H54: 0.037037037
B55: 4 | C55: Nominativa | D55: 2000 | E55: Preferida B | F55: 0 | G55: 2000000000 | H55: 0.037037037
B56: 5 | C56: Nominativa | D56: 2000 | E56: Preferida C | F56: 0 | G56: 2000000000 | H56: 0.037037037
B57: 6 | C57: Nominativa | D57: 2000 | E57: Preferida D | F57: 0 | G57: 2000000000 | H57: 0.037037037
B58: 7 | C58: Nominativa | D58: 2000 | E58: Preferida E | F58: 0 | G58: 2000000000 | H58: 0.037037037
B59: TOTAL | D59: =SUM(D52:D58) -> 54000 | F59: =SUM(F52:F58) -> 134280 | G59: =SUM(G52:G58) -> 54000000000 | H59: =SUM(H52:H58) -> 1
B61: Cuadro de Capital Suscripto
B62: N° | C62: Accionista | D62: Cantidad de Acciones | E62: Clase | F62: Voto | G62: Monto | H62: % de participación en capital suscripto
B63: 1 | C63: Nominativa | D63: 24000 | E63: OVM | F63: 120000 | G63: 24000000000 | H63: 0.43297853
B64: 2 | C64: Nominativa | D64: 21430 | E64: OS | F64: 21430 | G64: 21430000000 | H64: 0.38661375
B65: 3 | C65: Nominativa | D65: 2000 | E65: Preferida A | F65: 0 | G65: 2000000000 | H65: 0.036081544
B66: 4 | C66: Nominativa | D66: 2000 | E66: Preferida B | F66: 0 | G66: 2000000000 | H66: 0.036081544
B67: 5 | C67: Nominativa | D67: 2000 | E67: Preferida C | F67: 0 | G67: 2000000000 | H67: 0.036081544
B68: 6 | C68: Nominativa | D68: 2000 | E68: Preferida D | F68: 0 | G68: 2000000000 | H68: 0.036081544
B69: 7 | C69: Nominativa | D69: 2000 | E69: Preferida E | F69: 0 | G69: 2000000000 | H69: 0.036081544
B70: TOTAL | D70: =SUM(D63:D69) -> 55430 | F70: =SUM(F63:F69) -> 141430 | G70: =SUM(G63:G69) -> 55430000000 | H70: =SUM(H63:H69) -> 1
B71: Cuadro s/ Res. 1/19 expresado en el Anexo de Capital
B75: 5. AUDITOR EXTERNO INDEPENDIENTE
B77: Razón Social: | D77: BCA - Benítez Codas & Asociados
B78: Registro CNV: | D78: SIV N° AE015
B79: Dirección: | D79: Avenida Brasilia 707 Asunción - Paraguay
B80: Teléfono: | D80: 021 212 505
B82: 6. PERSONAS Y EMPRESAS VINCULADAS
B84: 6.1 Vinculada Controlante
B85: Denominación: | D85: Cadiem A.F.P.I.S.A.
B86: Dirección: | D86: Quesada N° 4926 Edif. Atlas Center Piso 6i
B87: Actividad Principal: | D87: Administradora de Fondos de Inversión
B88: Participación dentro del Capital: | D88: 0.8491
B89: Votos: | D89: 0.8481
B90: 6.2 Personas Vinculadas
B91: Elías Miguel Gelay: | D91: Presidente con el 21,73% de los Votos - 12,24% del Capital
B92: César Paredes Franco: | D92: Vice-Presidente con el 21,73% de los Votos – 12,25% del Capital
B93: Gloria Ayala Person: | D93: Director con el 21,73% de los Votos – 12,34 % del Capital
B94: Liliana Yolanda Meza: | D94: Accionista con el 21,66% de los Votos – 12,16 % del Capital
B95: Juana Pabla Galeano: | D95: Síndico
B96: Natalia Raquel Trinidad: | D96: Directora de Negocios
B97: Fatima Flecha | D97: Directora Financiera
B98: Carlos de los Ríos | D98: Director of Global Markets
B99: Amambay Cardozo | D99: Auditoría Interna
B100: Jorge Ramón Ugarte | D100: Contador
B101: Judith Vera | D101: Gerente de Talentos Humanos
B102: Raúl Sanchez | D102: Oficial de Cumplimiento
B106: CADIEM CASA DE BOLSA S.A.
B107: Notas a los Estados Contables al 30 de junio de 2026
B109: Nota 1 – Consideración de los Estados Contables.
B111: Los estados contables fueron aprobados por Acta de Directorio N°282 de fecha 06/08/2026 sin ninguna observación que mencionar.
B113: Nota 2 - Información básica de la empresa
B115: 2.1 Naturaleza Jurídica de las actividades de la sociedad
B116: CADIEM Casa de Bolsa S.A. tiene por objeto efectuar todas las actividades, operaciones y servicios que sean compatibles con la actividad de intermediación en el mercado de valores y cualquier otra actividad permitida que previamente, de manera general, lo autorice la Super Intendencia de Valores. Fue constituida por Escritura Pública Nro. 334, de fecha 12.11.2003, pasada ante la Escribana Pública Katia Ayala Ratti, e inscripta en los Registros Públicos de Personas Jurídicas y Asociaciones, en fecha 23.12.2003. Modificación de Estatutos: Primera modificación: En el Registro Público de Comercio No.291, Serie E, Folio 2581 y sgtes, por Escritura Pública No. 1 del 02.01.2007, Folio 2 y sgtes, pasada por el Escribano Luis Enrique Peroni. Segunda modificación: En el Registro Público de Comercio Número 688, Serie G, folio 5942 del 23/12/2011. Tercera modificación: En el Registro Público de Comercio Número 147, Serie E, folio 1652 y sgtes de fecha 16/02/2015. Cuarta modificación: En el Registro Público de Comercio Número 1, Serie Comercial, folio 1/15 de fecha 17/08/2017, reingreso 19/09/2017. Habilitada por la Comisión Nacional de Valores, ahora Super Intedencia de Valores, para operar como Intermediaria en el Mercado de Valores, llevando la Nomenclatura CB (Casa de Bolsa) seguido de la numeración 017, por Resolución No. 754/04 Acta No. 04/04 de fecha 19.01.2004, e igualmente inscripta en la Bolsa de Valores y Productos de Asunción S.A. por Resolución No. 524/04 de fecha 26.01.2004.
B129: 2.2. Participación en otras empresas
B131: Nombre | E131: Monto de Participación | F131: % Participación en Capital de la Otra Empresa | G131: % Participación en el Capital Propio | H131: Factor de Vinculación
B132: Cadiem Administradora de Fondos Patrimoniales de Inversión S.A. | E132: 24495200000 | F132: 0.8491 | G132: 0.4536 | H132: Controlante
B134: Nota 3 - Principales políticas y prácticas contables aplicadas
B136: 3.1 Base de Preparación de los Estados Contables
B138: Los estados financieros se han preparado de acuerdo con normas contables emitidos por el Consejo de Contadores Públicos del Paraguay y criterios de valuación dictados por la Super Intendecia de Valores. La moneda funcional y de presentación de los estados financieros de la entidad es el Guaraní, la moneda local de Paraguay. Dado que la inflación acumulada en los últimos tres años, calculada a base del Índice de Precios al Consumidor emitido por el Banco Central del Paraguay, ha sido inferior al 100%, los estados financieros se presentan en unidad de medida heterogénea. Consecuentemente los estados financieros no fueron expresados en moneda homogénea de poder adquisitivo constante.
B145: 3.2 Criterio de Valuación
B147: Los estados financieros fueron preparados utilizando como principal criterio de valuación el costo histórico, con las excepciones que se mencionan en los siguientes numerales de esta nota.
B150: 3.3 Política de Constitución de Previsiones
B152: Las previsiones para cuentas de dudoso cobro se determinan anualmente sobre la base del estudio de la cartera de clientes realizado con el objeto de determinar la porción no recuperable de las cuentas por cobrar.
B155: 3.4 Política de Bienes de Uso
B157: Al 31 de diciembre de 2019 los bienes de uso se exponen a su costo histórico revaluado a partir del año siguiente al de su incorporación, de acuerdo con lo establecido en el artículo 12 de la Ley N.º 125/91, menos la correspondiente depreciación acumulada. El incremento neto por revaluación se acredita a la cuenta Reserva de Revalúo del patrimonio neto. La depreciación de los bienes de uso es calculada por el método de línea recta a partir del año siguiente de su incorporación, aplicando las tasas anuales determinadas con base en la vida útil de los bienes. A partir del ejercicio 2020, los bienes de uso se exponen a su costo histórico, revaluado hasta el 31 de diciembre de 2019, menos la correspondiente depreciación acumulada de acuerdo con lo establecido en la Ley 6.380/19. La cuota de depreciación es calculada por el método de línea recta sobre el valor neto contable menos el valor residual de los bienes al 31 de diciembre de 2019, lo que implica un cambio en la base de cálculo de la depreciación respecto al ejercicio anterior. El valor residual es calculado sobre el valor neto contable de los bienes al 31 de diciembre de 2019. De acuerdo con lo establecido por la Ley 6.380/19, el Poder Ejecutivo podrá establecer el revalúo obligatorio de los bienes del activo fijo, cuando la variación del Índice de Precios al Consumo determinado por el Banco Central del Paraguay alcance al menos el 20% acumulado a partir del ejercicio 2019. El reconocimiento del revalúo obligatorio formará parte de una reserva patrimonial cuyo único destino podrá ser la capitalización.
B172: 3.5 Política de Reconocimiento de Ingresos y Egresos
...
